TOP OF THE 1ST |
---|
Auburn Tigers batting - Pitching for Maryland Terrapins : LHP Tim Sanders | Pitching: LHP Tim Sanders | | Batting: SHB Andrew Johnson | 0-0: Called Strike 0-1: Foul Ball, location: 2F 0-2: Ball 1-2: Strikes out looking | Batting: RHB Ed McVinish | 0-0: Ball 1-0: Ground out 4-3 (Groundball, 4) | Batting: RHB Mike Brown | 0-0: Ball 1-0: Ball 2-0: Called Strike 2-1: Ball 3-1: Base on Balls | Batting: LHB Ed Sorensen | 0-0: Called Strike 0-1: Fly out, F7 (Line Drive, 7) | Top of the 1st over - 0 runs, 0 hits, 0 errors, 1 left on base; Auburn 0 - Maryland 0 | BOTTOM OF THE 1ST |
---|
Maryland Terrapins batting - Pitching for Auburn Tigers : RHP Jorge Cruz | Pitching: RHP Jorge Cruz | | Batting: RHB Mike Weeks | 0-0: Ball 1-0: Ball 2-0: Ball 3-0: Base on Balls | Batting: RHB Fred Taylor | 0-0: Ball 1-0: Ball 2-0: Foul Ball, location: 2F 2-1: Foul Ball, location: 2F 2-2: Ball Wild Pitch! Mike Weeks to second 3-2: Ground out 1-3 (Groundball, 15) | Batting: LHB James Navarro | 0-0: Called Strike 0-1: Called Strike 0-2: Ball 1-2: Strikes out swinging | Batting: LHB Don MacNeill | 0-0: Swinging Strike 0-1: Ball 1-1: Ball 2-1: Called Strike 2-2: Fly out, F7 (Line Drive, 7LM) | Bottom of the 1st over - 0 runs, 0 hits, 0 errors, 1 left on base; Auburn 0 - Maryland 0 | TOP OF THE 2ND |
---|
Auburn Tigers batting - Pitching for Maryland Terrapins : LHP Tim Sanders | Batting: SHB Anthony Thomas | 0-0: SINGLE (Line Drive, 78M) | Batting: SHB Wayne Tressler | 0-0: Called Strike 0-1: Ball 1-1: Ball 2-1: Foul Ball, location: 2F 2-2: Strikes out looking | Batting: LHB Armando Vázquez | 0-0: Fly out, F6 (Line Drive, 6M) | Batting: RHB Mike Farley | 0-0: Called Strike 0-1: Ball 1-1: Fielders Choice at 2nd, 6-4 (Groundball, 6) | Top of the 2nd over - 0 runs, 1 hit, 0 errors, 1 left on base; Auburn 0 - Maryland 0 | BOTTOM OF THE 2ND |
---|
Maryland Terrapins batting - Pitching for Auburn Tigers : RHP Jorge Cruz | Batting: SHB Will Allen | 0-0: Swinging Strike 0-1: Called Strike 0-2: Ball 1-2: Ball 2-2: Strikes out looking | Batting: RHB Jeff O'Day | 0-0: Ball 1-0: Swinging Strike 1-1: Swinging Strike 1-2: Strikes out swinging | Batting: RHB Juan Arroyo | 0-0: Ball 1-0: Called Strike 1-1: Fly out, F7 (Line Drive, 7) | Bottom of the 2nd over - 0 runs, 0 hits, 0 errors, 0 left on base; Auburn 0 - Maryland 0 | TOP OF THE 3RD |
---|
Auburn Tigers batting - Pitching for Maryland Terrapins : LHP Tim Sanders | Batting: RHB Terry Cochrane | 0-0: Ground out 6-3 (Groundball, 6) | Batting: SHB Andrew Johnson | 0-0: Ball 1-0: Swinging Strike 1-1: SINGLE (Groundball, 56S) (infield hit) | Batting: RHB Ed McVinish | 0-0: Swinging Strike 0-1: Ball Andrew Johnson is caught stealing 2nd base 1-1: Called Strike 1-2: Ball 2-2: SINGLE (Groundball, 34D) | Batting: RHB Mike Brown | 0-0: Ball 1-0: Ball 2-0: Called Strike 2-1: Ball 3-1: Foul Ball, location: 2F 3-2: Base on Balls Ed McVinish to second | Batting: LHB Ed Sorensen | 0-0: Foul Ball, location: 2F 0-1: Foul Ball, location: 2F 0-2: Ball 1-2: Ball 2-2: Strikes out looking | Top of the 3rd over - 0 runs, 2 hits, 0 errors, 2 left on base; Auburn 0 - Maryland 0 | BOTTOM OF THE 3RD |
---|
Maryland Terrapins batting - Pitching for Auburn Tigers : RHP Jorge Cruz | Batting: RHB Les McCarty | 0-0: Hit by Pitch | Batting: RHB Bill Cooper | 0-0: Swinging Strike 0-1: Ball 1-1: Swinging Strike 1-2: Ball 2-2: Strikes out looking | Batting: RHB Mike Weeks | 0-0: Called Strike 0-1: Fly out, F7 (Flyball, 7S) | Batting: RHB Fred Taylor | 0-0: Called Strike 0-1: Called Strike 0-2: Strikes out swinging | Bottom of the 3rd over - 0 runs, 0 hits, 0 errors, 1 left on base; Auburn 0 - Maryland 0 | TOP OF THE 4TH |
---|
Auburn Tigers batting - Pitching for Maryland Terrapins : LHP Tim Sanders | Batting: SHB Anthony Thomas | 0-0: SINGLE (Flyball, 8LS) | Batting: SHB Wayne Tressler | 0-0: Fielders Choice at 2nd, 6-4 (Groundball, 6M) | Batting: LHB Armando Vázquez | 0-0: Fielders Choice at 2nd, 6-4 (Groundball, 6) | Batting: RHB Mike Farley | 0-0: Ball 1-0: Called Strike Armando Vázquez steals 2nd base 1-1: Reached via error on a dropped throw, E3 Armando Vázquez to third | Batting: RHB Terry Cochrane | 0-0: Fielders Choice at 2nd, 6-4 (Groundball, 6) | Top of the 4th over - 0 runs, 1 hit, 1 error, 2 left on base; Auburn 0 - Maryland 0 | BOTTOM OF THE 4TH |
---|
Maryland Terrapins batting - Pitching for Auburn Tigers : RHP Jorge Cruz | Batting: LHB James Navarro | 0-0: Ball 1-0: Ball 2-0: Ball 3-0: Base on Balls | Batting: LHB Don MacNeill | 0-0: Called Strike 0-1: Fly out, F8 (Flyball, 8RS) | Batting: SHB Will Allen | 0-0: Ball 1-0: Called Strike 1-1: Fly out, F4 (Line Drive, 4) | Batting: RHB Jeff O'Day | 0-0: Called Strike 0-1: Ball 1-1: Ball 2-1: Ball 3-1: Called Strike 3-2: Foul Ball, location: 2F 3-2: Foul Ball, location: 2F 3-2: Foul Ball, location: 2F 3-2: Strikes out swinging | Bottom of the 4th over - 0 runs, 0 hits, 0 errors, 1 left on base; Auburn 0 - Maryland 0 | TOP OF THE 5TH |
---|
Auburn Tigers batting - Pitching for Maryland Terrapins : LHP Tim Sanders | Batting: SHB Andrew Johnson | 0-0: Foul Ball, location: 2F 0-1: Called Strike 0-2: Fly out, F8 (Flyball, 89M) | Batting: RHB Ed McVinish | 0-0: Ball 1-0: Foul Ball, location: 2F 1-1: Ground out 1-3 (Groundball, 13S) | Batting: RHB Mike Brown | 0-0: Called Strike 0-1: Ball 1-1: Ground out 6-3 (Groundball, 6MD) | Top of the 5th over - 0 runs, 0 hits, 0 errors, 0 left on base; Auburn 0 - Maryland 0 | BOTTOM OF THE 5TH |
---|
Maryland Terrapins batting - Pitching for Auburn Tigers : RHP Jorge Cruz | Batting: RHB Juan Arroyo | 0-0: Ball 1-0: Called Strike 1-1: Ball 2-1: Foul Ball, location: 2F 2-2: Ball 3-2: Foul Ball, location: 2F 3-2: Base on Balls | Batting: RHB Les McCarty | 0-0: Hit by Pitch Juan Arroyo to second | Batting: RHB Bill Cooper | 0-0: Called Strike 0-1: Ball 1-1: Ball 2-1: Grounds into double play, 4-6-3 (Groundball, 4M) Juan Arroyo to third | Batting: RHB Mike Weeks | 0-0: Ball 1-0: Ground out 6-3 (Groundball, 6) | Bottom of the 5th over - 0 runs, 0 hits, 0 errors, 1 left on base; Auburn 0 - Maryland 0 | TOP OF THE 6TH |
---|
Auburn Tigers batting - Pitching for Maryland Terrapins : LHP Tim Sanders | Batting: LHB Ed Sorensen | 0-0: Called Strike 0-1: Foul Ball, location: 2F 0-2: Ball 1-2: Ball 2-2: Ground out 5-3 (Groundball, 56S) | Batting: SHB Anthony Thomas | 0-0: Foul Ball, location: 2F 0-1: Foul Ball, location: 2F 0-2: Strikes out swinging | Batting: SHB Wayne Tressler | 0-0: Ball 1-0: Foul Ball, location: 2F 1-1: Called Strike 1-2: Foul Ball, location: 2F 1-2: Foul Ball, location: 2F 1-2: Strikes out swinging | Top of the 6th over - 0 runs, 0 hits, 0 errors, 0 left on base; Auburn 0 - Maryland 0 | BOTTOM OF THE 6TH |
---|
Maryland Terrapins batting - Pitching for Auburn Tigers : RHP Jorge Cruz | Batting: RHB Fred Taylor | 0-0: Ball 1-0: Ball 2-0: Called Strike 2-1: Called Strike 2-2: Ground out 4-3 (Groundball, 4) | Batting: LHB James Navarro | 0-0: Foul Ball, location: 2F 0-1: Foul Ball, location: 2F 0-2: Ball 1-2: Ball 2-2: Foul Ball, location: 2F 2-2: Foul Ball, location: 2F 2-2: Foul Ball, location: 2F 2-2: Ball 3-2: Foul Ball, location: 2F 3-2: Base on Balls | Batting: LHB Don MacNeill | 0-0: Called Strike 0-1: Ball 1-1: Ball 2-1: Ball 3-1: Called Strike 3-2: Strikes out swinging | Batting: SHB Will Allen | 0-0: Ground out U3 (Groundball, 3) | Bottom of the 6th over - 0 runs, 0 hits, 0 errors, 1 left on base; Auburn 0 - Maryland 0 | TOP OF THE 7TH |
---|
Auburn Tigers batting - Pitching for Maryland Terrapins : LHP Tim Sanders | Batting: LHB Armando Vázquez | 0-0: Ball 1-0: Foul Ball, location: 2F 1-1: Ball 2-1: Ground out 1-3 (Groundball, 13) | Batting: RHB Mike Farley | 0-0: Ball 1-0: Ball 2-0: Ball 3-0: Called Strike 3-1: DOUBLE (Flyball, 78D) | Pitching: RHP Buddy Wickett | | Pinch Hitting: RHB Lou Perry | 0-0: Ball 1-0: Ball 2-0: Ball 3-0: Called Strike 3-1: Base on Balls | Batting: SHB Andrew Johnson | 0-0: Fielders Choice at 2nd, 1-6 (Groundball, 13S) Mike Farley to third | Batting: RHB Ed McVinish | 0-0: Called Strike 0-1: Ball 1-1: Ball 2-1: Ball 3-1: Base on Balls Andrew Johnson to second | Batting: RHB Mike Brown | 0-0: Called Strike 0-1: Called Strike 0-2: Fly out, F8 (Flyball, 8LM) | Top of the 7th over - 0 runs, 1 hit, 0 errors, 3 left on base; Auburn 0 - Maryland 0 | BOTTOM OF THE 7TH |
---|
Maryland Terrapins batting - Pitching for Auburn Tigers : RHP Jorge Cruz | Now in CF: Julián Icaza | | Batting: RHB Jeff O'Day | 0-0: Ball 1-0: Ball 2-0: Ball 3-0: Base on Balls | Batting: RHB Juan Arroyo | 0-0: Swinging Strike 0-1: Ball 1-1: Foul Ball, location: 2F 1-2: Strikes out swinging | Batting: RHB Les McCarty | 0-0: Ball 1-0: Ball Jeff O'Day is caught stealing 2nd base 2-0: Ground out 6-3 (Groundball, 6M) | Bottom of the 7th over - 0 runs, 0 hits, 0 errors, 0 left on base; Auburn 0 - Maryland 0 | TOP OF THE 8TH |
---|
Auburn Tigers batting - Pitching for Maryland Terrapins : RHP Buddy Wickett | Batting: LHB Ed Sorensen | 0-0: Called Strike 0-1: Called Strike 0-2: Ball 1-2: Strikes out swinging | Batting: SHB Anthony Thomas | 0-0: Ball 1-0: Called Strike 1-1: Called Strike 1-2: Fly out, F7 (Line Drive, 7) | Batting: SHB Wayne Tressler | 0-0: Ball 1-0: Called Strike 1-1: Ball 2-1: Swinging Strike 2-2: Strikes out looking | Top of the 8th over - 0 runs, 0 hits, 0 errors, 0 left on base; Auburn 0 - Maryland 0 | BOTTOM OF THE 8TH |
---|
Maryland Terrapins batting - Pitching for Auburn Tigers : RHP Jorge Cruz | Pinch Hitting: RHB Louis Vance | 0-0: SINGLE (Groundball, 4S) (infield hit) | Pitching: RHP Carl Woodward | | Batting: RHB Mike Weeks | 0-0: Ball 1-0: Swinging Strike 1-1: Swinging Strike 1-2: Strikes out swinging | Batting: RHB Fred Taylor | 0-0: Ball 1-0: SINGLE (Line Drive, 9LM) Louis Vance to second Runner from 2nd tries for 3rd, OUT! | Batting: LHB James Navarro | 0-0: Called Strike 0-1: Foul Ball, location: 2F 0-2: Ball Wild Pitch! Fred Taylor to second 1-2: Strikes out swinging | Bottom of the 8th over - 0 runs, 2 hits, 0 errors, 1 left on base; Auburn 0 - Maryland 0 | TOP OF THE 9TH |
---|
Auburn Tigers batting - Pitching for Maryland Terrapins : RHP Buddy Wickett | Pitching: RHP Millard Jackson | | Now in CF: Louis Vance | | Batting: LHB Armando Vázquez | 0-0: Ball 1-0: SINGLE (Line Drive, 34) | Batting: RHB Mike Farley | 0-0: Swinging Strike 0-1: Ball 1-1: Foul Ball, location: 2F 1-2: Fly out, F9 (Line Drive, 9D) | Batting: LHB Julián Icaza | 0-0: Ball 1-0: Ball Armando Vázquez steals 2nd base 2-0: Reached on error, E6 (Popup, 4MS) Armando Vázquez to third | Pitching: RHP David Wilson | | Batting: SHB Andrew Johnson | 0-0: Ball 1-0: Ball 2-0: SINGLE (Groundball, 4S) (infield hit) Armando Vázquez scores Julián Icaza to second | Batting: RHB Ed McVinish | 0-0: Ball 1-0: SINGLE (Line Drive, 3D) Julián Icaza to third Andrew Johnson to second Runner from 3rd tries for Home, throw and OUT! | Batting: RHB Mike Brown | 0-0: Fly out, F8 (Flyball, 8RM) | Top of the 9th over - 1 run, 3 hits, 1 error, 2 left on base; Auburn 1 - Maryland 0 | BOTTOM OF THE 9TH |
---|
Maryland Terrapins batting - Pitching for Auburn Tigers : RHP Carl Woodward | Pitching: LHP Ed Taylor | | Batting: LHB Don MacNeill | 0-0: Ball 1-0: Ball 2-0: Called Strike 2-1: Fly out, F5 (Popup, 15) | Batting: SHB Will Allen | 0-0: Fly out, F6 (Popup, P) | Batting: RHB Jeff O'Day | 0-0: SOLO HOME RUN (Line Drive, 7D), Distance : 351 ft | Batting: RHB Juan Arroyo | 0-0: Foul Ball, location: 2F 0-1: Fly out, F7 (Flyball, 7LSF) | Bottom of the 9th over - 1 run, 1 hit, 0 errors, 0 left on base; Auburn 1 - Maryland 1 | TOP OF THE 10TH |
---|
Auburn Tigers batting - Pitching for Maryland Terrapins : RHP David Wilson | Pitching: LHP Enrico Sánchez | | Batting: LHB Ed Sorensen | 0-0: Foul Ball, location: 2F 0-1: Ball 1-1: Ball 2-1: Called Strike 2-2: Strikes out swinging | Batting: SHB Anthony Thomas | 0-0: Ball 1-0: Ball 2-0: Foul Ball, location: 2F 2-1: Called Strike 2-2: Ground out 6-3 (Groundball, 6) | Batting: SHB Wayne Tressler | 0-0: TRIPLE (Flyball, 78XD) | Batting: LHB Armando Vázquez | 0-0: Intentional Walk | Batting: RHB Mike Farley | 0-0: Swinging Strike 0-1: Foul Ball, location: 2F 0-2: Ball 1-2: Ball 2-2: Strikes out swinging | Top of the 10th over - 0 runs, 1 hit, 0 errors, 2 left on base; Auburn 1 - Maryland 1 | BOTTOM OF THE 10TH |
---|
Maryland Terrapins batting - Pitching for Auburn Tigers : LHP Ed Taylor | Pinch Hitting: RHB Dawson Blanton | 0-0: Ground out 5-3 (Groundball, 56) | Batting: RHB Louis Vance | 0-0: Swinging Strike 0-1: Ball 1-1: Called Strike 1-2: Strikes out swinging | Batting: RHB Mike Weeks | 0-0: Foul Ball, location: 2F 0-1: Ball 1-1: Swinging Strike 1-2: Foul Ball, location: 2F 1-2: Ball 2-2: Foul Ball, location: 2F 2-2: Strikes out swinging | Bottom of the 10th over - 0 runs, 0 hits, 0 errors, 0 left on base; Auburn 1 - Maryland 1 | TOP OF THE 11TH |
---|
Auburn Tigers batting - Pitching for Maryland Terrapins : LHP Enrico Sánchez | Now at 1B: Michael Wilson | | Batting: LHB Julián Icaza | 0-0: Called Strike 0-1: Foul Ball, location: 2F 0-2: Ball 1-2: Strikes out swinging | Batting: SHB Andrew Johnson | 0-0: Called Strike 0-1: Ball 1-1: Swinging Strike 1-2: Foul Ball, location: 2F 1-2: Ball 2-2: Foul Ball, location: 2F 2-2: Strikes out swinging | Batting: RHB Ed McVinish | 0-0: Swinging Strike 0-1: Called Strike 0-2: Ball 1-2: Ball 2-2: Strikes out swinging | Top of the 11th over - 0 runs, 0 hits, 0 errors, 0 left on base; Auburn 1 - Maryland 1 | BOTTOM OF THE 11TH |
---|
Maryland Terrapins batting - Pitching for Auburn Tigers : LHP Ed Taylor | Pitching: RHP Nick Green | | Batting: RHB Fred Taylor | 0-0: Called Strike 0-1: Ball 1-1: Called Strike 1-2: Ball 2-2: Foul Ball, location: 2F 2-2: Strikes out swinging | Batting: LHB James Navarro | 0-0: Ball 1-0: Swinging Strike 1-1: Ball 2-1: Swinging Strike 2-2: Foul Ball, location: 2F 2-2: Foul Ball, location: 2F 2-2: Strikes out swinging | Batting: LHB Don MacNeill | 0-0: Swinging Strike 0-1: Ball 1-1: Ground out 5-3 (Groundball, 56) | Bottom of the 11th over - 0 runs, 0 hits, 0 errors, 0 left on base; Auburn 1 - Maryland 1 | TOP OF THE 12TH |
---|
Auburn Tigers batting - Pitching for Maryland Terrapins : LHP Enrico Sánchez | Pitching: LHP Greg Johnston | | Batting: RHB Mike Brown | 0-0: Called Strike 0-1: Foul Ball, location: 2F 0-2: Ball 1-2: Ball 2-2: Ball 3-2: Strikes out looking | Batting: LHB Ed Sorensen | 0-0: Called Strike 0-1: Foul Ball, location: 2F 0-2: Ball 1-2: Ball 2-2: Ball 3-2: Strikes out swinging | Batting: SHB Anthony Thomas | 0-0: Foul Ball, location: 2F 0-1: Ball 1-1: Ball 2-1: Called Strike 2-2: Ball 3-2: Base on Balls | Batting: SHB Wayne Tressler | 0-0: Ball 1-0: Fly out, F9 (Flyball, 9) | Top of the 12th over - 0 runs, 0 hits, 0 errors, 1 left on base; Auburn 1 - Maryland 1 | BOTTOM OF THE 12TH |
---|
Maryland Terrapins batting - Pitching for Auburn Tigers : RHP Nick Green | Batting: SHB Will Allen | 0-0: Ball 1-0: Ball 2-0: Ball 3-0: Foul Ball, location: 2F 3-1: Base on Balls | Batting: RHB Jeff O'Day | 0-0: Ball 1-0: Ball 2-0: Foul Ball, location: 2F 2-1: Ball 3-1: Fly out, F9 (Flyball, 9LM) | Batting: RHB Juan Arroyo | 0-0: Ball 1-0: Foul Ball, location: 2F 1-1: Foul Ball, location: 2F 1-2: Foul Ball, location: 2F 1-2: Ball 2-2: Ball 3-2: Foul Ball, location: 2F 3-2: Base on Balls Will Allen to second | Batting: LHB Michael Wilson | 0-0: Ball 1-0: Ball Wild Pitch! Will Allen to third Juan Arroyo to second 2-0: Intentional Walk | Batting: RHB Louis Vance | 0-0: Called Strike 0-1: DOUBLE (Line Drive, 8LD) Will Allen scores | Saturday, December 16th, 2017 - OOTP Baseball 18.8 Build 76 |
|